 Dungeon Crawl Stone Soup version 0.26-b1-32-g5d43845318 (webtiles) character file.

Game seed: 502419010388184570

149 Inarius the Chopper (level 5, -3/44 (46) HPs)
             Began as a Hill Orc Fighter on Jan 10, 2021.
             Was an Initiate of Qazlal.
             Killed by nerve-wracking pain
             ... invoked by Grinder
              (14 damage)
             ... on level 3 of the Dungeon.
             The game lasted 00:01:34 (1921 turns).

Inarius the Chopper (Hill Orc Fighter)              Turns: 1921, Time: 00:01:35

HP:   -3/44 (46)    AC:  9    Str: 20    XL:     5   Next: 31%
MP:   5/5           EV:  5    Int:  8    God:    Qazlal [......]
Gold: 125           SH:  9    Dex: 10    Spells: 4/4 levels left

rFire    . . .     SeeInvis .   a - +0 war axe
rCold    . . .     Faith    .   c - +0 kite shield
rNeg     . . .     Spirit   .   l - +0 chain mail
rPois    .         Reflect  .   (no helmet)
rElec    .         Harm     .   (no cloak)
rCorr    .         Rampage  .   (no gloves)
Will     .....                  (no boots)
Stlth    ..........             (no amulet)
HPRegen  0.14/turn              (no ring)
MPRegen  0.09/turn              (no ring)

@: lightly drained
A: no striking features
a: Renounce Religion


You were on level 3 of the Dungeon.
You worshipped Qazlal.
Qazlal was noncommittal.
You visited 1 branch of the dungeon, and saw 3 of its levels.

You collected 125 gold pieces.

Inventory:

Hand Weapons
 a - a +0 war axe (weapon)
Armour
 b - a +0 scale mail
 c - a +0 kite shield (worn)
 l - a +0 chain mail (worn)
Scrolls
 e - 6 scrolls of remove curse {unknown}
 g - 2 scrolls of fog {unknown}
 h - 4 scrolls of identify {unknown}
 i - 3 scrolls of teleportation {unknown}
 j - a scroll of noise {unknown}
 k - 2 scrolls of amnesia {unknown}
 n - 3 scrolls of enchant weapon {unknown}
 q - a scroll of fear {unknown}
 r - a scroll of random uselessness {unknown}
Potions
 d - a potion of might
 f - 3 potions of curing {unknown}
 m - 2 potions of attraction {unknown}
 o - 2 potions of haste {unknown}
 p - a potion of ambrosia {unknown}


   Skills:
 + Level 4.3 Fighting
 * Level 5.6 Axes
 + Level 3.8 Armour
 + Level 3.9 Shields


You had 4 spell levels left.
You didn't know any spells.
Your spell library contained the following spells:

 Spells                   Type           Power        Failure   Level
 Magic Dart               Conj           0%           100%        1
 Blink                    Tloc           N/A          100%        2
 Call Imp                 Summ           0%           100%        2
 Slow                     Hex            0%           100%        2
 Conjure Flame            Conj/Fire      0%           100%        3
 Mephitic Cloud           Conj/Pois/Air  0%           100%        3


Dungeon Overview and Level Annotations

Branches:
Dungeon (3/15)

Altars:
Qazlal
Xom

Annotations:
D:3 Grinder


Message History

Grinder is severely wounded.
Grinder gestures at you. You resist with significant effort.
You barely miss Grinder.
Grinder is severely wounded.
Grinder hits you but does no damage. Grinder gestures at you.
Pain shoots through your body!
* * * LOW HITPOINT WARNING * * *
You closely miss Grinder.
Grinder is severely wounded.
Grinder hits you.
* * * LOW HITPOINT WARNING * * *
You writhe in agony.
* * * LOW HITPOINT WARNING * * *
You hit Grinder.
Grinder is severely wounded.
Grinder gestures at you. Pain shoots through your body!
You die...

##.. ...# #.. ...
#.< ..# #.. ..#
##.## #.# #... ##.#
######.5##.##.#
.......@...##.##
.#####).####...##
#$.###†###.## ##
#..##.#####.######≈
#.....# #........#.
##....# #.#........
########⌠#####.##.
##♣≈.≈.# #.##.
##§....^♣##.###


You could see Grinder.

Vanquished Creatures
  Jessica (D:3)
  Terence (D:2)
  4 adders (D:2)
  A leopard gecko (D:3)
  11 giant cockroaches
  4 goblins
  6 hobgoblins
  16 jackals
  A quokka (D:2)
  2 bats (D:2)
  A frilled lizard (D:2)
  5 kobolds
  3 rats
56 creatures vanquished.

Notes
Turn   | Place    | Note
-------+----------+-------------------------------------------
     0 | D:1      | Inarius the Hill Orc Fighter began the quest for the Orb.
     0 | D:1      | Reached XP level 1. HP: 19/19 MP: 1/1
   183 | D:1      | Reached XP level 2. HP: 25/27 MP: 2/2
   220 | D:1      | Reached skill level 3 in Axes
   611 | D:2      | Reached XP level 3. HP: 32/33 MP: 3/3
   871 | D:2      | Reached skill level 4 in Axes
   987 | D:2      | Reached XP level 4. HP: 40/40 MP: 4/4
  1193 | D:2      | Noticed Terence
  1202 | D:2      | Killed Terence
  1297 | D:2      | Reached skill level 5 in Axes
  1593 | D:3      | Reached XP level 5. HP: 46/46 MP: 5/5
  1618 | D:3      | Noticed Jessica
  1641 | D:3      | Killed Jessica
  1835 | D:3      | Found a stormy altar of Qazlal.
  1847 | D:3      | Found a shimmering altar of Xom.
  1847 | D:3      | Found a shimmering altar of Xom.
  1847 | D:3      | Found a shimmering altar of Xom.
  1851 | D:3      | Found a shimmering altar of Xom.
  1851 | D:3      | Found a shimmering altar of Xom.
  1866 | D:3      | Became a worshipper of Qazlal Stormbringer
  1908 | D:3      | Noticed Grinder
  1921 | D:3      | Killed from afar by Grinder

Illustrated notes

Levels and vault maps discovered:
D:1:      heliophobic_arrival_ceremonial_halls, layout_rooms,
          minmay_misc_feat_doors, hangedman_decor_growths, grunt_decor_fettered
D:2:      layout_basic, minmay_worlds_worst_comb, uniq_terence
D:3:      layout_loops_ring, general_overflow_altar, grunt_qazlal_clouds,
          xom_redecorated, minmay_increasing_density, uniq_jessica,
          uniq_grinder, uniq_crazy_yiuf_cottage

Skill      XL: |  1  2  3  4 |
---------------+-------------+-----
Axes           | 3 4 5 |  5.6
Fighting       | 4 |  4.3
Armour         | |  3.8
Shields        | |  3.9

Action                   |  1- 3 |  4- 6 || total
-------------------------+-------+-------++-------
Melee: War axe           |    90 |    70 ||   160
Armor: Scale mail        |     8 |       ||     8
       Chain mail        |    52 |    37 ||    89
Dodge: Dodged            |    25 |    13 ||    38
Block: Kite shield       |    46 |    36 ||    82
